 Dungeon Crawl Stone Soup version 0.27-a0-978-g2aa4ecdaef (webtiles) character file.

Game seed: 3975524109384253824

924 tardwrangler69 the Chiller (level 7, 0/50 HPs)
             Began as a Red Draconian Ice Elementalist on Apr 14, 2021.
             Was an Initiate of Vehumet.
             Slain by a ball python (1 damage)
             ... on level 4 of the Dungeon.
             The game lasted 00:04:41 (4275 turns).

tardwrangler69 the Chiller (DrIE)                   Turns: 4275, Time: 00:04:42

Health: 0/50       AC: 13    Str: 10    XL:     7   Next: 84%
Magic:  1/13       EV: 10    Int: 17    God:    Vehumet [......]
Gold:   165        SH:  0    Dex: 12    Spells: 7/14 levels left

rFire    + . .     SeeInvis .   m - +0 whip
rCold    . . .     Faith    .   (no shield)
rNeg     . . .     Spirit   .   (armour unavailable)
rPois    .         Reflect  .   (helmet restricted)
rElec    .         Harm     .   (no cloak)
rCorr    .         Rampage  .   (no gloves)
Will     ++...                  (no boots)
Stlth    ++........             (no amulet)
HPRegen  0.16/turn              h - ring of willpower
MPRegen  0.13/turn              p - ring of willpower

@: ice-armoured, constricted
A: breathe fire, AC +6, unfitting armour, fire resistance 1, cold-blooded
a: Breathe Fire, Renounce Religion


You were on level 4 of the Dungeon.
You worshipped Vehumet.
Vehumet was noncommittal.
You visited 1 branch of the dungeon, and saw 4 of its levels.

You collected 165 gold pieces.

Inventory:

Hand Weapons
 m - a +0 whip (weapon)
Missiles
 a - a throwing net
Jewellery
 h - a ring of willpower (left hand)
 o - a ring of flight
 p - a ring of willpower (right hand)
Scrolls
 c - 3 scrolls of fear {unknown}
 d - 3 scrolls of noise {unknown}
 g - a scroll of immolation {unknown}
 i - a scroll of teleportation {unknown}
 j - 2 scrolls of amnesia {unknown}
 l - a scroll of summoning {unknown}
 q - a scroll of fog {unknown}
 r - a scroll of vulnerability {unknown}
Potions
 b - 2 potions of flight {unknown}
 e - 2 potions of resistance {unknown}
 f - a potion of ambrosia {unknown}
 k - 2 potions of curing {unknown}
 n - a potion of magic {unknown}


   Skills:
 + Level 4.8 Dodging
 - Level 1.7 Stealth
 - Level 4.0 Spellcasting
 + Level 6.2 Ice Magic


You had 7 spell levels left.
You knew the following spells:

 Your Spells              Type           Power      Damage    Failure   Level
a - Freeze                Ice            96%        1d11      1%          1
b - Frozen Ramparts       Ice            48%        1d6       3%          3
c - Ozocubu's Armour      Ice            24%        N/A       3%          3

Your spell library contained the following spells:

 Spells                   Type           Power      Damage    Failure   Level
 Animate Skeleton         Necr           6%         N/A       16%         1
 Apportation              Tloc           6%         N/A       16%         1
 Corona                   Hex            3%         N/A       16%         1
 Summon Small Mammal      Summ           12%        N/A       16%         1
 Hailstorm                Conj/Ice       14%        3d5       41%         4
 Metabolic Englaciation   Hex/Ice        7%         N/A       77%         5


Dungeon Overview and Level Annotations

Branches:
Dungeon (4/15)
 Temple: D:4-7

Altars:
Qazlal
Vehumet

Annotations:
D:4 exclusion: ogre


Innate Abilities, Weirdness & Mutations

You can breathe blasts of fire.
Your fiery red scales are hard. (AC +6)
You cannot fit into any form of body armour.
Your flesh is heat resistant. (rF+)
You are cold-blooded and may be slowed by cold attacks.


Message History

You freeze Pikel!
Pikel is almost dead.
The lemure hits you.
* * * LOW HITPOINT WARNING * * *
Pikel completely misses you.
Casting: Freeze (safe; 1% risk of failure)
Confirm with . or Enter, or press ? or * to list all spells.
Aiming: Freeze (safe; 1% risk of failure)
Press: ? - help, Shift-Dir - straight line, f/p - Pikel
Aim: Pikel, wielding a +0 whip of freezing and wearing a +0 robe (almost dead)
You freeze Pikel!
You kill Pikel!
Vehumet accepts your kill.
With Pikel's spell broken, his former minions thank you for their freedom.
The lemure departs this earthly plane. x3
You feel yourself speed up.
The ball python bites you but does no damage.
The ball python closely misses you.
Your Dodging skill increases to level 4!
Your Ice Magic skill increases to level 7!
You have reached level 7!
Your scales start taking on a fiery red colour.
You learn Fire Magic much quicker.
You learn Ice Magic much slower.
Your Ice Magic skill decreases to level 6!
You can breathe blasts of fire.
You feel resistant to heat. The ball python bites you.
* * * LOW HITPOINT WARNING * * *
The ball python barely misses you.
The ball python bites you but does no damage.
The ball python grabs you. The ball python constricts you.
The ball python bites you but does no damage.
The ball python constricts you. The ball python barely misses you.
The ball python constricts you. The ball python closely misses you.
The ball python constricts you. The ball python misses you.
* * * LOW HITPOINT WARNING * * *
The ball python constricts you.
The ball python bites you but does no damage.
You die...

.#..# ## #...#
#... †...# #...#
#### ......#
##...# ...####
#....# #>.#
##..#.# ...#
##.....# ...# #
##.#.#### ####
....######.###..
# #...†S@..##
#..#
...###.###.# #.#
... #.# .# ####
).. . ... # #..#
..# .#


You could see a ball python.

Vanquished Creatures
  Pikel (D:4)
  A necrophage (D:4)
  A lemure (D:4)
  2 hounds (D:4)
  2 jellies (D:4)
  A centaur skeleton (D:4)
  Natasha (thrice) (D:2)
  An orc wizard (D:3)
  A hound skeleton (D:4)
  4 adders
  4 gnolls (D:3)
  A worm (D:4)
  A dart slug (D:2)
  5 orcs (D:3)
  5 ball pythons
  2 bats (D:1)
  8 endoplasms
  5 goblins
  4 hobgoblins
  2 quokkas (D:4)
  2 frilled lizards
  4 kobolds
  2 rats
62 creatures vanquished.

Notes
Turn   | Place    | Note
-------+----------+-------------------------------------------
     0 | D:1      | tardwrangler69 the Draconian Ice Elementalist began the
                  | quest for the Orb.
     0 | D:1      | Reached XP level 1. HP: 14/14 MP: 3/3
   690 | D:1      | Reached XP level 2. HP: 20/20 MP: 5/5
  1071 | D:2      | Noticed Natasha
  1076 | D:2      | Killed Natasha
  1077 | D:2      | Reached XP level 3. HP: 26/26 MP: 1/7
  1276 | D:2      | Noticed Natasha
  1686 | D:2      | Killed Natasha
  1687 | D:2      | Reached XP level 4. HP: 19/33 MP: 4/8
  2039 | D:2      | Noticed Natasha
  2046 | D:2      | Killed Natasha
  2047 | D:2      | Reached skill level 5 in Ice Magic
  2225 | D:2      | Found a faded altar of an unknown god.
  2270 | D:3      | Learned a level 3 spell: Frozen Ramparts
  2357 | D:3      | Reached XP level 5. HP: 34/38 MP: 3/10
  2866 | D:3      | Learned a level 3 spell: Ozocubu's Armour
  3209 | D:3      | Found a radiant altar of Vehumet.
  3225 | D:3      | Became a worshipper of Vehumet
  3659 | D:4      | Found a stormy altar of Qazlal.
  3764 | D:4      | Noticed an ogre
  3822 | D:4      | Reached XP level 6. HP: 37/45 MP: 6/12
  3976 | D:4      | Reached skill level 6 in Ice Magic
  4257 | D:4      | Noticed Pikel
  4268 | D:4      | HP: 2/45 [lemure[Pikel] (3)]
  4269 | D:4      | Killed Pikel
  4270 | D:4      | Reached skill level 7 in Ice Magic
  4270 | D:4      | Your scales start taking on a fiery red colour.
  4270 | D:4      | Reduced skill Ice Magic to level 6
  4270 | D:4      | Reached XP level 7. HP: 3/50 MP: 0/13
  4270 | D:4      | Gained mutation: Your flesh is heat resistant. (rF+) [Red
                  | Draconian growth]
  4274 | D:4      | HP: 1/50 [ball python (1)]
  4275 | D:4      | Slain by a ball python

Illustrated notes

Levels and vault maps discovered:
D:1:      giann_wishing_wells, layout_loops_ring
D:2:      layout_basic, shapermc_ecumenical_altar_mp_vishouse, uniq_natasha
D:3:      layout_loops_ring, marbit_many_paths
D:4:      layout_loops_cross, overflow_temple_1_default, led_sif_pool,
          kennysheep_generic_room_3, uniq_pikel

Skill      XL: |  1  2  3  4  5  6 |
---------------+-------------------+-----
Spellcasting   | 3 4 |  4.0
Ice Magic      | 5 6 |  6.2
Dodging        | 2 4 |  4.8
Stealth        | |  1.7

Action                   |  1- 3 |  4- 6 |  7- 9 || total
-------------------------+-------+-------+-------++-------
Melee: Short sword       |    38 |       |       ||    38
       Unarmed           |     5 |       |       ||     5
       Tailslap          |     2 |    12 |       ||    14
       Whip              |       |    80 |       ||    80
 Cast: Freeze            |    16 |    61 |       ||    77
       Frozen Ramparts   |       |     6 |       ||     6
       Ozocubu's Armour  |       |     3 |       ||     3
 Stab: Sleeping          |     4 |     3 |       ||     7
       Distracted        |       |     2 |       ||     2
Armor: Skin              |    23 |    50 |     3 ||    76
Dodge: Dodged            |    39 |    80 |     4 ||   123

Table legend: (Time is in decaauts)
 A = Elapsed time spent in this place.
 B = Non-inter-level travel time spent in this place.
 C = Inter-level travel time spent in this place.
 D = Time resting spent in this place.
 E = Time spent auto-exploring this place.
 F = Levels seen in this place.
 G = Mean time per level.
                   A        B        C        D        E       F      G
               +--------+--------+--------+--------+--------+-----+--------+
         Total |   4288 |   4174 |    114 |      0 |   3699 |   4 | 1072.0 |
       Dungeon |   4288 |   4174 |    114 |      0 |   3699 |   4 | 1072.0 |
               +--------+--------+--------+--------+--------+-----+--------+

Top non-repeatable levels by time:
     D:2: 1319 daAuts
     D:3: 1114 daAuts
     D:1: 952 daAuts
     D:4: 902 daAuts
